 Dungeon Crawl Stone Soup version 0.27-a0-1529-g1e82c303ef (webtiles) character file.

Game seed: 1597174974618561448

63 garrulousMonolith the Skirmisher (level 4, -7/40 HPs)
             Began as a Hill Orc Fighter on July 12, 2021.
             Mangled by an iguana (10 damage)
             ... on level 3 of the Dungeon.
             The game lasted 00:01:47 (1361 turns).

garrulousMonolith the Skirmisher (Hill Orc Fighter) Turns: 1361, Time: 00:01:48

Health: -7/40      AC:  9    Str: 18    XL:     4   Next: 10%
Magic:  5/5        EV:  7    Int:  9    God:
Gold:   41         SH:  9    Dex: 10    Spells: 3/3 levels left

rFire    . . .     SeeInvis .   a - +0 war axe
rCold    . . .     Faith    .   c - +0 kite shield
rNeg     . . .     Spirit   .   b - +0 scale mail
rPois    .         Reflect  .   (no helmet)
rElec    .         Harm     .   (no cloak)
rCorr    .         Rampage  .   k - +1 pair of gloves
Will     .....                  (no boots)
Stlth    ..........             (no amulet)
HPRegen  0.13/turn              (no ring)
MPRegen  0.09/turn              (no ring)

@: no status effects
A: no striking features
a: no special abilities


You were on level 3 of the Dungeon.
You visited 1 branch of the dungeon, and saw 3 of its levels.

You collected 41 gold pieces.

Inventory:

Hand Weapons
 a - a +0 war axe (weapon)
Armour
 b - a +0 scale mail (worn)
 c - a +0 kite shield (worn)
 k - a +1 pair of gloves (worn)
Magical Staves
 l - a staff of poison
Scrolls
 e - a scroll of immolation {unknown}
 f - a scroll of teleportation {unknown}
 g - a scroll of enchant armour
 h - 2 scrolls of identify {unknown}
Potions
 d - a potion of might
 m - a potion of resistance {unknown}


   Skills:
 + Level 4.1 Fighting
 * Level 3.9 Axes
 + Level 3.6 Armour
 + Level 3.8 Shields
 + Level 1.5 Invocations


You had 3 spell levels left.
You didn't know any spells.
Your spell library contained the following spells:

 Spells                   Type           Power      Damage    Failure   Level
 Dazzling Flash           Conj/Hex       0%         N/A       100%        3
 Iskenderun's Mystic Bla  Conj/Tloc      0%         2d3       100%        4
 Starburst                Conj/Fire      0%         8x6d3     100%        6


Dungeon Overview and Level Annotations

Branches:
Dungeon (3/15)

Altars:


Message History

You feel sick. The adder bites you.
It was a potion of cancellation.
You feel magically purged.
You feel sick. You block the adder's attack.
It was a potion of curing.
You feel better. You block the adder's attack.
You hit the adder.
The adder is moderately wounded.
The adder bites you. The adder barely misses you.
You closely miss the adder.
The adder is moderately wounded.
The adder bites you but does no damage. The adder bites you.
Your scale mail prevents you from hitting the adder.
The adder is moderately wounded.
The adder bites you. The adder bites you but does no damage.
Your scale mail prevents you from hitting the adder.
The adder is moderately wounded.
The adder bites you. You block the adder's attack.
You hit the adder.
The adder is heavily wounded.
The adder bites you but does no damage. The adder bites you.
You miss the adder.
The adder is heavily wounded.
You block the adder's attack.
You hit the adder.
You kill the adder!
The iguana bites you.
* * * LOW HITPOINT WARNING * * *
You have reached level 4!
a - a +0 war axe (weapon)
You hit the iguana.
The iguana is moderately wounded.
The iguana bites you.
* * * LOW HITPOINT WARNING * * *
You block the iguana's attack.
You hit the iguana but do no damage.
The iguana is moderately wounded.
The iguana bites you but does no damage.
You slash the iguana!
The iguana is severely wounded.
The iguana bites you!
You die...

############
#..........#
#.########.#
#.########.###
#............#
#.########.#.#####
#### #.#
#......†##.....
#.#
#.............#
#.#
#.###.###@###.#
#.######. #.# #l#
.......# ... #.#
......... .....#..
..####........ ...
..# ###........?
..# .#.# ... ## .#
.###


You could see an iguana.

Vanquished Creatures
  2 adders (D:3)
  A worm (D:2)
  2 dart slugs (D:1)
  2 ball pythons
  4 bats (D:1)
  5 endoplasms
  A giant cockroach (D:1)
  6 goblins
  3 hobgoblins (D:1)
  A quokka (D:1)
  2 frilled lizards (D:1)
  3 kobolds (D:1)
  5 rats
37 creatures vanquished.

Notes
Turn   | Place    | Note
-------+----------+-------------------------------------------
     0 | D:1      | garrulousMonolith the Hill Orc Fighter began the quest for
                  | the Orb.
     0 | D:1      | Reached XP level 1. HP: 19/19 MP: 1/1
    47 | D:1      | Reached XP level 2. HP: 19/27 MP: 2/2
   227 | D:1      | Reached skill level 1 in Invocations
   236 | D:1      | Reached XP level 3. HP: 27/33 MP: 3/3
   527 | D:1      | Found a faded altar of an unknown god.
  1093 | D:2      | Reached skill level 4 in Fighting
  1358 | D:3      | Reached XP level 4. HP: 8/40 MP: 5/5
  1361 | D:3      | Mangled by an iguana

Illustrated notes

Levels and vault maps discovered:
D:1:      mainiacjoe_arrival_reflecting_pool, layout_rooms,
          hellmonk_ecumenical_altar_zigzags
D:2:      layout_basic, solitary_fountain, amcnicky_mini_corridor_feature,
          minmay_crystal_room
D:3:      layout_loops_ring

Skill      XL: |  1  2  3 |
---------------+----------+-----
Axes           | 3 |  3.9
Invocations    | 1 |  1.5
Fighting       | 4 |  4.1
Armour         | |  3.6
Shields        | |  3.8

Action                   |  1- 3 |  4- 6 || total
-------------------------+-------+-------++-------
Melee: War axe           |    96 |     3 ||    99
       Staff             |     7 |       ||     7
  Use: Potion            |     2 |       ||     2
       Scroll            |     1 |       ||     1
Armor: Scale mail        |    46 |     1 ||    47
Dodge: Dodged            |    30 |       ||    30
Block: Kite shield       |    53 |     1 ||    54

Table legend: (Time is in decaauts)
 A = Elapsed time spent in this place.
 B = Non-inter-level travel time spent in this place.
 C = Inter-level travel time spent in this place.
 D = Time resting spent in this place.
 E = Time spent auto-exploring this place.
 F = Levels seen in this place.
 G = Mean time per level.
                   A        B        C        D        E       F      G
               +--------+--------+--------+--------+--------+-----+--------+
         Total |   1418 |   1381 |     37 |    105 |    998 |   3 |  472.7 |
       Dungeon |   1418 |   1381 |     37 |    105 |    998 |   3 |  472.7 |
               +--------+--------+--------+--------+--------+-----+--------+

Top non-repeatable levels by time:
     D:1: 776 daAuts
     D:2: 554 daAuts
     D:3: 86 daAuts
